 Dungeon Crawl Stone Soup version 0.29.1-13-g9f3cf754e1 (webtiles) character file.

Game seed: 13887404457987726659

288257 devnull the Lord of Darkness (level 20, -44/162 HPs)
             Began as a Demonspawn Necromancer on Jan 25, 2023.
             Was the Champion of Kikubaaqudgha.
             Killed from afar by a titan (58 damage)
             ... with a bolt of lightning
             ... while paralysed by an air elemental
             ... on level 5 of the Vaults on Jan 28, 2023.
             The game lasted 04:42:59 (39387 turns).

devnull the Lord of Darkness (DsNe)                Turns: 39387, Time: 04:42:59

Health: -44/162    AC: 26    Str: 11    XL:     20   Next: 23%
Magic:  8/36       EV:  2    Int: 32    God:    Kikubaaqudgha [******]
Gold:   2266       SH:  0    Dex: 17    Spells: 6/43 levels left

rFire   + + .      SeeInvis +   a - staff of death
rCold   + + .      Faith    .   B - +0 kite shield {rC+}
rNeg    + + .      Spirit   .   c - +0 pearl dragon scales of Luargheni {rF+ rN+ Will+}
rPois   +          Reflect  +   k - +1 hat {Int+3}
rElec   .          Harm     .   D - +2 cloak of the Thief {*Fog Slay-2 SInv Stlth+}
rCorr   .          Rampage  .   (gloves unavailable)
Will    +++..                   P - +2 pair of boots {Stlth+}
Stlth   +++.......              M - amulet "Gulimaed" {Reflect rC+ Regen+ Str+3 SH+5}
HPRegen 1.17/turn               X - +6 ring of intelligence
MPRegen 0.25/turn               Q - ring of protection from fire

@: paralysed, death channelling
A: claws 3, slimy green scales 3, ignite blood 2, spiny 3, demonic willpower
}: 1/15 runes: barnacled
a: Renounce Religion, Unearth Wretches, Torment


You were on level 5 of the Vaults.
You worshipped Kikubaaqudgha.
Kikubaaqudgha was exalted by your worship.
You visited 7 branches of the dungeon, and saw 33 of its levels.
You also visited: Sewer, Ossuary, Ice Cave and Desolation.

You collected 4024 gold pieces.
You spent 1758 gold pieces at shops.

Inventory:

Hand Weapons
 b - the +7 rapier "Epeiph" {flame, Drain Str+4 Dex+2}
   (You found it on level 8 of the Dungeon)

   It burns those it strikes, dealing additional fire damage.
   Str:       It affects your strength (+4).
   Dex:       It affects your dexterity (+2).
   Drain:     It drains your maximum health when unequipped.
Missiles
 I - 7 curare-tipped darts
 J - 2 throwing nets
Armour
 c - the +0 pearl dragon scales of Luargheni (worn) {rF+ rN+ Will+}
   (You found it in the Desolation of Salt)

   rF:        It protects you from fire.
   rN:        It protects you from negative energy.
   Will:      It increases your willpower.
 k - a +1 hat of intelligence (worn)
 B - a +0 kite shield of cold resistance (worn)
 D - the +2 cloak of the Thief (worn) {*Fog Slay-2 SInv Stlth+}
   (You acquired it on level 1 of the Lair of Beasts)

   It may release a thick cloud of smoke when the wearer is hurt.
   Slay:      It affects your accuracy & damage with ranged weapons and melee
   (-2).
   SInv:      It lets you see invisible.
   Stlth:     It makes you more stealthy.
 H - a +4 ring mail of cold resistance
 P - a +2 pair of boots of stealth (worn)
 V - a +1 tower shield of cold resistance
 W - the +6 scale mail "Feofouz" {rPois SInv, Spider armor}
   (You found it on level 3 of the Shoals)

   rPois:     It protects you from poison.
   SInv:      It lets you see invisible.
Magical Staves
 a - a staff of death (weapon)
Jewellery
 t - an amulet of the acrobat
 u - a ring of see invisible
 M - the amulet "Gulimaed" (around neck) {Reflect rC+ Regen+ Str+3 SH+5}
   (You acquired it on level 3 of the Shoals)

   [amulet of reflection]

   It reflects blocked missile attacks.
   Str:       It affects your strength (+3).
   rC:        It protects you from cold.
   Regen:     It increases your rate of health regeneration.
   SH:        It affects your SH (+5).
 Q - a ring of protection from fire (right claw)
 R - a +4 ring of evasion
 S - the amulet of Hifonil {Spirit rElec Str+3 Dex+9 Stlth+}
   (You found it in the Desolation of Salt)

   [amulet of guardian spirit]

   It causes incoming damage to be divided between your reserves of health and
   magic.
   Str:       It affects your strength (+3).
   Dex:       It affects your dexterity (+9).
   rElec:     It insulates you from electricity.
   Stlth:     It makes you more stealthy.
 U - a ring of flight
 X - a +6 ring of intelligence (left claw)
 Y - the ring of the Kraken {rPois rF+}
   (You found it in the Desolation of Salt)

   [ring of protection from fire]

   rF:        It protects you from fire.
   rPois:     It protects you from poison.
Wands
 d - a wand of charming (26)
 z - a wand of flame (51)
 G - a wand of mindburst (40)
 T - a wand of polymorph (37)
Scrolls
 g - 4 scrolls of poison
 h - 4 scrolls of immolation
 l - 6 scrolls of enchant armour
 m - 19 scrolls of teleportation
 s - 12 scrolls of vulnerability
 v - 2 scrolls of silence
 x - 7 scrolls of blinking
 y - 5 scrolls of fear
 A - 7 scrolls of magic mapping
 C - 5 scrolls of butterflies
 N - 4 scrolls of amnesia
 Z - a scroll of torment
Potions
 e - 4 potions of berserk rage
 f - 6 potions of attraction
 i - 5 potions of curing
 j - 6 potions of magic
 o - 3 potions of invisibility
 p - 3 potions of resistance
 q - 7 potions of haste
 r - 6 potions of lignification
 w - a potion of ambrosia
 E - 11 potions of mutation
 F - a potion of cancellation
 K - 8 potions of flight
 L - 4 potions of might
 O - 6 potions of brilliance


   Skills:
 - Level 15.0 Fighting
 - Level 10.0 Armour
 - Level 4.0 Dodging
 - Level 4.0 Stealth
 + Level 12.1 Shields
 - Level 12.0 Spellcasting
 - Level 6.0 Hexes
 O Level 27 Necromancy
 - Level 6.0 Earth Magic
 - Level 6.0 Evocations


You had 6 spell levels left.
You knew the following spells:

 Your Spells              Type           Power      Damage    Failure   Level
a - Necrotise             Necr           100%       1d9       0%          1
b - Vampiric Draining     Necr           100%       2d13      0%          3
c - Animate Dead          Necr           100%       N/A       0%          4
d - Dispel Undead         Necr           100%       3d31      0%          4
e - Anguish               Hex/Necr       56%        N/A       1%          4
f - Sublimation of Blood  Necr           100%       N/A       0%          2
g - Borgnjor's Vile Clut  Necr/Erth      56%        N/A       1%          5
h - Death Channel         Necr           68%        N/A       1%          6
i - Infestation           Necr           68%        N/A       2%          8

Your spell library contained the following spells:

 Spells                   Type           Power      Damage    Failure   Level
 Agony                    Necr           100%       N/A       0%          5
 Slow                     Hex            100%       N/A       2%          1
 Confusing Touch          Hex            55%        N/A       7%          3
 Corpse Rot               Necr/Pois/Air  86%        N/A       7%          4
 Ensorcelled Hibernation  Hex/Ice        76%        N/A       12%         2
 Passwall                 Tmut/Erth      31%        N/A       12%         2
 Simulacrum               Ice/Necr       51%        N/A       17%         6
 Portal Projectile        Hex/Tloc       76%        N/A       24%         3
 Leda's Liquefaction      Hex/Erth       27%        N/A       24%         4
 Apportation              Tloc           38%        N/A       28%         1
 Beastly Appendage        Tmut           38%        N/A       28%         1
 Foxfire                  Conj/Fire      76%        2x1d7     28%         1
 Shock                    Conj/Air       76%        1d7       28%         1
 Sting                    Tmut/Pois      76%        1d6       28%         1
 Searing Ray              Conj           38%        2d5       38%         2
 Static Discharge         Conj/Air       19%        3-6/arc   38%         2
 Wereblood                Tmut           19%        N/A       38%         2
 Lee's Rapid Deconstruct  Erth           27%        3d16*     54%         5
 Call Canine Familiar     Summ           19%        N/A       63%         3
 Frozen Ramparts          Ice            38%        1d6       63%         3
 Gell's Gravitas          Tloc           19%        N/A       63%         3
 Lesser Beckoning         Tloc           19%        N/A       63%         3
 Ozocubu's Armour         Ice            19%        N/A       63%         3
 Spider Form              Tmut/Pois      19%        N/A       63%         3
 Swiftness                Air            19%        N/A       63%         3
 Teleport Other           Tloc           19%        N/A       63%         3
 Fulminant Prism          Conj/Hex       19%        3d11      63%         4
 Petrify                  Tmut/Erth      38%        N/A       63%         4
 Airstrike                Air            9%         2d(2-18)  95%         4
 Flame Wave               Conj/Fire      19%        2d7       95%         4
 Hailstorm                Conj/Ice       19%        3d6       95%         4
 Ice Form                 Ice/Tmut       19%        N/A       95%         4
 Iskenderun's Mystic Bla  Conj/Tloc      19%        2d6       95%         4
 Olgreb's Toxic Radiance  Pois           19%        N/A       95%         4
 Summon Lightning Spire   Summ/Air       19%        N/A       95%         4
 Irradiate                Conj/Tmut      9%         3d14      100%        5
 Lightning Bolt           Conj/Air       9%         1d22      100%        5
 Manifold Assault         Tloc           19%        N/A       100%        5
 Conjure Ball Lightning   Conj/Air       9%         3x3d6     100%        6
 Dispersal                Tloc           9%         N/A       100%        6
 Starburst                Conj/Fire      9%         6d5       100%        6
 Statue Form              Tmut/Erth      25%        N/A       100%        6
 Borgnjor's Revivificati  Necr           68%        N/A       2%          8
 Death's Door             Necr           68%        N/A       41%         9
 Haunt                    Necr/Summ      51%        N/A       67%         7
 Malign Gateway           Summ/Tloc      9%         N/A       100%        7
 Ozocubu's Refrigeration  Ice            9%         4d9       100%        7
 Ignition                 Fire           9%         3d5       100%        8
 Necromutation            Tmut/Necr      51%        N/A       100%        8
 Summon Horrible Things   Summ           9%         N/A       100%        8


Dungeon Overview and Level Annotations

Branches:
Dungeon (15/15)            Temple (1/1) D:4            Lair (5/5) D:8
 Shoals (4/4) Lair:3       Spider (1/4) Lair:2        Slime (0/5) Lair:4
    Orc (2/2) D:11            Elf (0/3) Orc:2        Vaults (5/5) D:13
  Crypt (0/3) Vaults:2     Depths (0/4) D:15          Sewer (visited)
Ossuary (visited)           IceCv (visited)         Desolation (visited)

Altars:
Ashenzari
Cheibriados
Dithmenos
Fedhas
Gozag
Hepliaklqana
Kikubaaqudgha
Makhleb
Nemelex Xobeh
Okawaru
Qazlal
Ru
Sif Muna
Trog
Uskayaw
Vehumet
Wu Jian
Xom
Yredelemnul

Shops:
D:8 =![   D:12 [   D:14 [[   Orc:2 (([!   Shoals:3 =   Shoals:4 *[   Vaults:3 !

Annotations:
Lair:5 2 transporters, Midpoint's ghost, journeyman FoAM
Vaults:1 2 transporters, Droegar's ghost, adept MiBe
Vaults:5 Sojobo


Innate Abilities, Weirdness & Mutations

You have claws for hands.
You are completely covered in slimy green scales. (AC +4, rPois)
Your demonic aura often causes spilled blood to erupt in flames.
You are completely covered in sharp spines.
You punish those that try to bend your will. (Will+)


Message History

A glowing mist starts to gather...
Your spectral golden dragon bites the storm dragon but does no damage.
Your spectral golden dragon claws the storm dragon.
Your spectral golden dragon drains the storm dragon.
Your spectral golden dragon tramples the storm dragon!
The storm dragon holds its ground!
Aiming: Borgnjor's Vile Clutch (mildly dangerous; 1% risk of failure)
Press: ? - help, Q - select action, (/) - cycle Shift-Dir - straight line, f - air elemental
Aim: an air elemental (summoned, 100% to hit)
You feel a surge of power!
Your spectral ogre mage is unaffected.
Zombie hands grab the titan.
The air elemental is unaffected.
The zombie hands constrict the titan.
The air elemental fires a burst of electricity at you.
The stunning burst hits your spectral tengu reaver!
Your spectral tengu reaver is paralysed.
The stunning burst hits the storm dragon.
The storm dragon completely resists.
The stunning burst hits your spectral golden dragon but does no damage.
Your spectral golden dragon is paralysed.
The stunning burst hits your spectral ogre mage!
Your spectral ogre mage is paralysed.
The stunning burst hits you!
You suddenly lose the ability to move!
* * * LOW HITPOINT WARNING * * *
The stunning burst hits your death scarab but does no damage.
Your death scarab is paralysed.
The air elemental hits your spectral ironbound convoker!
The air elemental hits your spectral tengu reaver.
The air elemental hits your spectral ironbound convoker.
The tengu reaver is engulfed in blazing flames.
The tengu reaver hits your spectral tengu reaver with a +2 vorpal war axe!!
The tengu reaver hits your spectral stone giant but does no damage.
The tengu reaver pecks your spectral tengu reaver.
The tengu reaver claws your spectral tengu reaver!
The titan gestures at you while chanting.
The bolt of lightning hits your spectral ogre mage!!
The bolt of lightning hits you!!!
You die...
Kikubaaqudgha rasps: "You have failed me!
Welcome... death!" ..# #.. ..
D# .# #######################.
Q.Q§§§§.e.QZZBB.ZZ..☼.T.
Q§ZZ§Z§..pEZDZBBZZ..☼..c

§§Z§Z§..eQpZB☼Z.@B..p...
c§§§§§§..QEC............
#######################.
. .. ..# .##


You could see Sojobo (repels missiles, infested), an ironbound preserver, a
titan (infested, clutched, ally target), a storm dragon (distracted, infested,
drained, ally target), a vault warden (infested), 2 tengu reavers, a yaktaur
captain, a vault guard (slow), a deep troll, 2 air elementals, a friendly
spectral golden dragon (paralysed), a friendly spectral ogre mage (paralysed), a
friendly spectral deep troll, 2 friendly spectral ettins, a friendly spectral
stone giant, a friendly spectral vault guard, a friendly spectral vault
sentinel, a friendly spectral ironbound convoker, a friendly spectral tengu
reaver (paralysed) and 6 friendly death scarabs.

Vanquished Creatures
  A bone dragon (Vaults:2)
  Rupert (D:14)
  Jorgrun (D:13)
  A lich (IceCv)
  Polyphemus (Shoals:3)
  Gastronok (D:8)
  3 sphinxes
  A shadow dragon (Vaults:1)
  Ilsuiw (Shoals:2)
  3 orc warlords
  6 vault wardens
  2 war gargoyles (Vaults:4)
  7 ironbound preservers
  A deep elf demonologist (Vaults:5)
  6 ironbound thunderhulks
  4 dire elephants
  An entropy weaver (Vaults:1)
  3 merfolk javelineers
  3 merfolk impalers
  A servant of whispers (Desolation)
  5 ragged hierophants (Desolation)
  A boulder beetle (D:14)
  A great orb of eyes (Vaults:1)
  6 yaktaur captains
  Erica (D:8)
  6 peacekeepers
  5 ironbound frosthearts
  A catoblepas (Shoals:3)
  23 vault guards
  An ogre mage (Vaults:4)
  4 hydras
  2 merfolk avatars
  An alligator snapping turtle (Shoals:1)
  3 merfolk aquamancers (Shoals:4)
  19 centaur warriors
  A satyr (Shoals:2)
  5 two-headed ogres
  A tengu warrior (D:14)
  2 death yaks (Shoals:3)
  An orc high priest (Orc:2)
  2 hell knights (Vaults:4)
  3 sea snakes
  2 bog bodies (IceCv)
  2 glowing orange brains (Vaults:3)
  3 wizards
  2 lindwurms (Vaults:1)
  4 ironbound convokers
  13 deep trolls
  An obsidian statue (IceCv)
  7 orc knights
  A flayed ghost (D:13)
  3 necromancers
  A deep elf pyromancer (D:12)
  6 harpies
  2 orc sorcerers (Orc:2)
  A stone giant zombie (Vaults:2)
  11 ugly things
  4 fauns
  A moth of wrath (shapeshifter) (D:15)
  3 cyclopes
  11 centaur zombies (D:11)
  A human skeleton (Vaults:1)
  16 manticores
  A stone giant skeleton (Vaults:2)
  2 elephants (Lair:5)
  A guardian serpent (Desolation)
  An elf zombie (Vaults:1)
  5 vault sentinels
  Joseph (D:8)
  A black mamba (Lair:4)
  3 water nymphs
  10 merfolk sirens
  2 unseen horrors
  An efreet (D:13)
  Psyche (D:8)
  5 kobold demonologists
  12 cane toads
  5 freezing wraiths
  5 komodo dragons
  19 yaktaurs
  A rime drake (IceCv)
  An anaconda simulacrum (IceCv)
  2 golden dragon simulacra (IceCv)
  An ice devil (IceCv)
  12 merfolk
  8 trolls
  A hornet (D:10)
  A tyrant leech (Lair:5)
  4 wind drakes
  Prince Ribbit (D:6)
  14 blink frogs
  7 saltlings (Desolation)
  5 snapping turtles
  15 slime creatures
  A jumping spider (Lair:2)
  A dire elephant simulacrum (IceCv)
  A shadow (D:13)
  2 water elementals
  2 culicivoras (Lair:2)
  5 wyverns
  2 fire bats (D:13)
  33 yaks
  A wind drake zombie (Shoals:4)
  A basilisk (D:13)
  9 wraiths
  2 hogs (D:15)
  4 steam dragons
  4 vampire mosquitoes
  A minotaur simulacrum (IceCv)
  An ogre zombie (Vaults:2)
  2 harpy simulacra (IceCv)
  3 swamp worms (D:8)
  A warg (Orc:2)
  A tengu zombie (D:14)
  A hydra simulacrum (IceCv)
  2 acid dragons
  3 water moccasins
  22 orc warriors
  2 ice beasts (D:7)
  A sky beast (D:8)
  An alligator simulacrum (IceCv)
  9 ogres
  9 centaurs
  4 boggarts (D:14)
  15 wolves
  3 phantoms
  6 kobold brigands
  13 bullfrogs
  A gnoll sergeant (D:8)
  A deep troll simulacrum (IceCv)
  2 necrophages (D:6)
  2 scorpions
  18 wights
  3 killer bees
  3 yak zombies
  A lindwurm simulacrum (IceCv)
  A howler monkey (D:7)
  A wolf zombie (Lair:2)
  6 electric eels
  4 human zombies
  12 hounds
  5 jellies
  5 gnoll boudas
  14 orc priests
  Jessica (D:2)
  3 iguanas
  27 orc wizards
  4 hell rats (Lair:3)
  4 mummies (Ossuary)
  A howler monkey zombie (D:11)
  19 gnolls
  8 adders
  A river rat (D:4)
  2 white imps
  2 ufetubi
  4 worms
  71 orcs
  12 ball pythons
  12 bats
  17 endoplasms
  7 giant cockroaches
  6 goblins
  12 hobgoblins
  4 jackals
  4 quokkas
  11 frilled lizards
  3 hobgoblin zombies (Ossuary)
  15 kobolds
  A kobold zombie (Ossuary)
  7 orc zombies
  7 rats
  2 rat zombies (D:8)
  2 plants
901 creatures vanquished.

Vanquished Creatures (collateral kills)
  A golden dragon (Vaults:4)
  2 tengu reavers
  5 vault wardens
  5 ironbound preservers
  An imperial myrmidon (Desolation)
  2 very ugly things
  2 war gargoyles (Vaults:4)
  2 ironbound thunderhulks
  A stone giant (Vaults:4)
  A deep elf annihilator (Vaults:3)
  7 dire elephants
  4 merfolk javelineers (Shoals:4)
  3 ragged hierophants (Desolation)
  Josephine (Lair:5)
  4 crystal guardians
  3 yaktaur captains
  A fire dragon (D:15)
  5 merfolk impalers
  9 vault guards
  9 servants of whispers (Desolation)
  2 catoblepae
  A boulder beetle (D:14)
  A hydra (Lair:4)
  7 peacekeepers (Desolation)
  10 centaur warriors
  6 ironbound frosthearts
  2 merfolk aquamancers
  A satyr (Shoals:3)
  2 death yaks (Shoals:3)
  A satyr (shapeshifter) (Vaults:4)
  A hell knight (Vaults:4)
  13 deep trolls
  6 sea snakes
  2 bog bodies (IceCv)
  3 orc knights (Vaults:3)
  4 lindwurms
  5 ironbound convokers
  2 wizards
  A necromancer (Vaults:2)
  13 harpies
  2 ugly things
  An oklob plant (Lair:5)
  2 elephants (Lair:5)
  2 manticores (Shoals:1)
  5 fauns
  A guardian serpent (Desolation)
  4 vault sentinels
  A black mamba (Lair:3)
  2 water nymphs
  2 molten gargoyles (Desolation)
  5 merfolk sirens
  8 cane toads
  A rime drake (Lair:5)
  11 freezing wraiths (IceCv)
  A yaktaur zombie (Vaults:1)
  A komodo dragon (Lair:3)
  21 yaktaurs
  An anaconda simulacrum (IceCv)
  An ice devil (IceCv)
  A golden dragon simulacrum (IceCv)
  17 merfolk
  A tengu conjurer (D:15)
  2 tyrant leeches (Lair:5)
  3 wind drakes
  A polar bear (Lair:5)
  7 snapping turtles
  A wolf spider simulacrum (D:15)
  59 saltlings (Desolation)
  13 blink frogs
  35 slime creatures
  A wraith (Lair:5)
  3 dire elephant simulacra (IceCv)
  25 yaks
  A redback (Vaults:1)
  10 water elementals
  2 hogs (D:15)
  4 vampire mosquitoes (Lair:5)
  A minotaur simulacrum (IceCv)
  3 harpy simulacra (IceCv)
  A human simulacrum (Vaults:1)
  A hydra simulacrum (IceCv)
  3 water moccasins
  2 orc warriors
  2 ettin simulacra (IceCv)
  A black bear (Lair:3)
  An ogre (Orc:2)
  13 wolves
  A komodo dragon zombie (D:12)
  6 bullfrogs
  A deep troll simulacrum (IceCv)
  A killer bee (D:10)
  3 lindwurm simulacra (IceCv)
  A howler monkey (D:9)
  2 electric eels (Lair:5)
  A jelly (D:7)
  An orc priest (Orc:2)
  3 orc wizards
  2 gnolls
  A white imp (D:7)
  11 orcs
  A ball python (Sewer)
  4 endoplasms
  A giant cockroach (Sewer)
  A goblin (D:2)
  A quokka (Sewer)
  5 orc zombies (D:12)
  4 fungi
  7 plants
495 creatures vanquished.

Vanquished Creatures (others)
  A golden dragon (Vaults:5)
  2 sphinxes
  2 shadow dragons
  Kirke (D:15)
  A storm dragon (Vaults:1)
  A vault warden (Vaults:5)
  A frost giant (D:15)
  2 imperial myrmidons (Desolation)
  3 ironbound preservers
  3 stone giants
  A deep elf demonologist (Vaults:1)
  2 ettins (Vaults:5)
  A merfolk javelineer (Shoals:4)
  A deep elf high priest (Vaults:5)
  2 yaktaur captains
  2 boulder beetles
  A great orb of eyes (Vaults:1)
  An ice dragon (D:15)
  2 hydras
  An ogre mage (Vaults:5)
  2 merfolk aquamancers (Shoals:4)
  A centaur warrior (D:15)
  A tengu warrior (D:15)
  A two-headed ogre (D:14)
  A satyr (Shoals:4)
  A deep troll earth mage (D:15)
  Sonja (D:10)
  2 sea snakes (Shoals:4)
  3 deep trolls
  A sea snake (shapeshifter) (Vaults:5)
  3 lindwurms (Vaults:1)
  A deep elf pyromancer (D:15)
  3 ironbound convokers
  A shadow dragon zombie (Vaults:1)
  Pikel (D:6)
  A frost giant zombie (D:15)
  3 harpies
  A necromancer (Vaults:5)
  A sphinx zombie (Vaults:3)
  5 manticores
  2 fauns
  3 merfolk sirens
  A water nymph (Shoals:4)
  4 vault sentinels
  2 sea snake zombies
  A yaktaur zombie (Vaults:1)
  4 rime drakes (IceCv)
  6 harpy zombies
  3 slime creatures
  A wind drake (Shoals:4)
  A satyr zombie (Shoals:4)
  A great orb of eyes zombie (Vaults:1)
  An ugly thing zombie (D:14)
  A shadow (D:9)
  6 slime creature zombies
  A wind drake zombie (Shoals:1)
  A yak (Lair:2)
  A faun zombie (Shoals:4)
  A two-headed ogre zombie (D:14)
  A water nymph zombie (Shoals:4)
  3 merfolk zombies (Shoals:4)
  10 deep troll zombies
  5 ice beasts (IceCv)
  6 lindwurm zombies (Vaults:1)
  4 manticore zombies
  11 human zombies
  11 orc warriors
  2 elf zombies
  A blink frog zombie (Lair:2)
  A centaur (D:10)
  A rime drake zombie (IceCv)
  A warg zombie (Orc:2)
  A tengu zombie (D:15)
  3 troll zombies
  11 yak zombies
  A killer bee (D:15)
  A wolf zombie (Lair:2)
  2 bullfrog zombies (Lair:4)
  3 centaur zombies
  A hound (D:15)
  An iguana (D:15)
  An orc wizard (D:5)
  4 boggart zombies (D:14)
  4 ogre zombies
  3 ice beast zombies (IceCv)
  An iguana zombie (D:15)
  6 orcs
  7 gnoll zombies
  A goblin (D:14)
  A goblin zombie (D:14)
  A hobgoblin zombie (D:6)
  2 kobold zombies (D:6)
  33 orc zombies
  33 fungi
  211 plants
  3 withered plants (Desolation)
498 creatures vanquished.

Grand Total: 1894 creatures vanquished

Notes
Turn   | Place    | Note
-------+----------+-------------------------------------------
     0 | D:1      | devnull the Demonspawn Necromancer began the quest for the
                  | Orb.
     0 | D:1      | Reached XP level 1. HP: 13/13 MP: 3/3
   308 | D:1      | Gained mutation: You have sharp fingernails. [demonic
                  | ancestry]
   308 | D:1      | Reached XP level 2. HP: 19/19 MP: 3/5
   362 | D:1      | Reached skill level 5 in Necromancy
   587 | D:1      | Found a faded altar of an unknown god.
   982 | D:1      | Gained mutation: You are partially covered in sharp spines.
                  | [demonic ancestry]
   982 | D:1      | Reached XP level 3. HP: 24/24 MP: 1/6
  1312 | D:2      | Noticed Jessica
  1320 | D:2      | Killed Jessica
  1321 | D:2      | Reached skill level 6 in Necromancy
  1346 | D:2      | Gained mutation: You are mostly covered in sharp spines.
                  | [demonic ancestry]
  1346 | D:2      | Reached XP level 4. HP: 30/30 MP: 0/7
  1449 | D:2      | Found a burning altar of Makhleb.
  2098 | D:3      | Learned a level 3 spell: Vampiric Draining
  2778 | D:4      | Found a glowing drain.
  2782 | D:4      | Reached XP level 5. HP: 30/35 MP: 6/8
  2869 | Sewer    | Entered a sewer
  3180 | Sewer    | Reached XP level 6. HP: 37/41 MP: 4/11
  3378 | D:4      | Identified the +1 ring mail of Truth {Harm Will+ Dex+3}
  3538 | D:4      | Found a staircase to the Ecumenical Temple.
  3550 | Temple   | Entered the Ecumenical Temple
  3602 | Temple   | Became a worshipper of Kikubaaqudgha
  3754 | D:4      | Noticed an angel
  3769 | D:4      | Found a basalt altar of Yredelemnul.
  3771 | D:4      | Noticed a profane servitor
  3946 | D:5      | Entered Level 5 of the Dungeon
  4017 | D:5      | Reached XP level 7. HP: 39/46 MP: 2/13
  4230 | D:5      | Reached skill level 7 in Necromancy
  4304 | D:4      | Reached skill level 8 in Necromancy
  4404 | D:5      | Gained mutation: You have very sharp fingernails. [demonic
                  | ancestry]
  4404 | D:5      | Reached XP level 8. HP: 39/52 MP: 14/14
  4598 | D:5      | Reached skill level 9 in Necromancy
  4819 | D:5      | Learned a level 4 spell: Animate Dead
  5446 | D:6      | Reached * piety under Kikubaaqudgha
  5446 | D:6      | Received a gift from Kikubaaqudgha
  5450 | D:6      | Learned a level 2 spell: Sublimation of Blood
  5455 | D:6      | Learned a level 4 spell: Anguish
  5491 | D:6      | Reached skill level 1 in Hexes
  5689 | D:6      | Noticed Prince Ribbit
  5703 | D:6      | Killed Prince Ribbit
  5704 | D:6      | Reached skill level 10 in Necromancy
  5936 | D:6      | Gained mutation: You are partially covered in slimy green
                  | scales. (AC +2) [demonic ancestry]
  5936 | D:6      | Reached XP level 9. HP: 57/57 MP: 15/15
  6044 | D:6      | Reached skill level 5 in Hexes
  6318 | D:6      | Noticed Pikel
  6369 | D:6      | Killed Pikel
  6656 | D:6      | Reached skill level 11 in Necromancy
  6748 | D:6      | Reached ** piety under Kikubaaqudgha
  7037 | D:6      | Reached skill level 12 in Necromancy
  8107 | D:7      | Reached XP level 10. HP: 61/63 MP: 12/16
  8556 | D:8      | Found Kiackya's Antique Armour Emporium.
  8563 | D:8      | Bought a pair of runed boots for 232 gold pieces
  8563 | D:8      | Bought a pair of gloves for 139 gold pieces
  8659 | D:8      | Reached skill level 5 in Spellcasting
  8667 | D:8      | Found Ufifuss's Distillery.
  8667 | D:8      | Found Mampoliv's Jewellery Boutique.
  8762 | D:8      | Noticed Psyche
  8803 | D:8      | Killed Psyche
  8803 | D:8      | Reached *** piety under Kikubaaqudgha
  8803 | D:8      | Received a gift from Kikubaaqudgha
  8834 | D:8      | Found a sand-covered staircase.
  8834 | D:8      | Noticed Gastronok
  8863 | D:8      | Killed Gastronok
  8983 | Ossuary  | Entered an ossuary
  9231 | D:8      | Learned a level 4 spell: Dispel Undead
  9237 | D:8      | Learned a level 5 spell: Borgnjor's Vile Clutch
  9253 | D:8      | Reached skill level 1 in Earth Magic
  9548 | D:8      | Reached **** piety under Kikubaaqudgha
  9734 | D:8      | Noticed Erica
  9745 | D:8      | Reached skill level 5 in Earth Magic
  9745 | D:8      | Reached XP level 11. HP: 14/68 MP: 22/22
  9980 | D:8      | Identified the +7 rapier "Epeiph" {flame, Drain Str+4
                  | Dex+2}
 10135 | D:8      | Found a staircase to the Lair.
 10151 | D:8      | Killed Erica
 10152 | D:8      | Reached skill level 13 in Necromancy
 10154 | D:8      | Noticed Joseph
 10169 | D:8      | Killed Joseph
 10470 | D:9      | Identified the +3 trident of Sywkik {freeze, rCorr}
 10493 | D:9      | Noticed a two-headed ogre
 10501 | D:9      | Killed a two-headed ogre
 10777 | D:9      | Reached skill level 1 in Evocations
 10886 | D:9      | Noticed a two-headed ogre
 10916 | D:9      | Killed a two-headed ogre
 11037 | D:9      | Noticed a two-headed ogre
 11049 | D:9      | Killed a two-headed ogre
 11050 | D:9      | Reached skill level 5 in Evocations
 11165 | D:9      | Reached skill level 14 in Necromancy
 11330 | D:9      | Reached ***** piety under Kikubaaqudgha
 11491 | D:9      | Identified a scroll of acquirement
 11493 | D:9      | Acquired a staff of death
 12085 | D:10     | Entered Level 10 of the Dungeon
 12322 | D:10     | Reached skill level 15 in Necromancy
 12322 | D:10     | Reached XP level 12. HP: 62/68 MP: 13/23
 12635 | D:10     | Noticed Sonja
 12652 | D:10     | Killed Sonja
 12798 | D:10     | Found a shimmering blue altar of Sif Muna.
 13222 | D:11     | Reached skill level 16 in Necromancy
 13453 | D:11     | Reached skill level 17 in Necromancy
 13453 | D:11     | Found a basalt altar of Yredelemnul.
 13690 | D:11     | Found a staircase to the Orcish Mines.
 13955 | D:11     | Noticed a two-headed ogre
 13965 | D:11     | Killed a two-headed ogre
 14431 | D:12     | Found Telais's Armour Shop.
 14478 | D:12     | Noticed a two-headed ogre
 14487 | D:12     | Killed a two-headed ogre
 14685 | D:12     | Reached skill level 18 in Necromancy
 15291 | D:13     | Reached skill level 1 in Fighting
 15291 | D:13     | Gained mutation: Your demonic aura sometimes causes spilled
                  | blood to erupt in flames. [demonic ancestry]
 15291 | D:13     | Reached XP level 13. HP: 65/82 MP: 24/24
 16093 | D:13     | Found a hazy altar of Hepliaklqana.
 16096 | D:13     | Noticed Jorgrun
 16112 | D:13     | Reached skill level 5 in Fighting
 16163 | D:13     | Found a basalt altar of Yredelemnul.
 16203 | D:13     | Found a runed translucent door.
 16218 | D:13     | Killed Jorgrun
 16258 | D:13     | Found a basalt altar of Yredelemnul.
 16279 | D:13     | Found a burning altar of Makhleb.
 16321 | D:13     | Found a radiant altar of Vehumet.
 16770 | D:13     | Found a gate to the Vaults.
 17203 | D:14     | Found Vuankos's Armour Emporium.
 17212 | D:14     | Bought a +1 cloak of preservation for 264 gold pieces
 17232 | D:14     | Found Gedd's Antique Armour Emporium.
 17890 | D:14     | Noticed Rupert
 17917 | D:14     | Killed Rupert
 18025 | D:14     | Reached skill level 10 in Spellcasting
 18278 | D:15     | Entered Level 15 of the Dungeon
 18364 | D:15     | Reached XP level 14. HP: 51/105 MP: 20/28
 18561 | D:15     | Noticed Kirke
 18573 | D:15     | Noticed a sphinx
 18591 | D:15     | Noticed a sphinx
 18597 | D:15     | Killed Kirke
 18700 | D:15     | Noticed a stone giant
 18713 | D:15     | Found a stormy altar of Qazlal.
 18938 | D:15     | Found a staircase to the Depths.
 19323 | Orc:1    | Entered Level 1 of the Orcish Mines
 19667 | Orc:2    | Entered Level 2 of the Orcish Mines
 19667 | Orc:2    | Found a staircase to the Elven Halls.
 19685 | Orc:2    | Reached skill level 1 in Armour
 19937 | Orc:2    | Found Tikon's Distillery.
 20035 | Orc:2    | Noticed an orc warlord
 20047 | Orc:2    | Killed an orc warlord
 20149 | Orc:2    | Found Fah Unur's Weapon Boutique.
 20551 | Orc:2    | Reached ****** piety under Kikubaaqudgha
 20555 | Orc:2    | Noticed an orc warlord
 20568 | Orc:2    | Reached skill level 5 in Armour
 20574 | Orc:2    | Killed an orc warlord
 20660 | Orc:2    | Found Afuseuff's Antique Weapon Emporium.
 20664 | Orc:2    | Found Moutinan's Antique Armour Shoppe.
 21053 | Orc:2    | Bought a potion of haste for 140 gold pieces
 21053 | Orc:2    | Bought a potion of lignification for 42 gold pieces
 21053 | Orc:2    | Bought a potion of flight for 42 gold pieces
 21053 | Orc:2    | Bought a potion of heal wounds for 70 gold pieces
 21149 | D:8      | Bought a +6 ring of intelligence for 504 gold pieces
 21161 | D:8      | Learned a level 6 spell: Death Channel
 21161 | D:8      | Received a gift from Kikubaaqudgha
 21171 | D:8      | Learned a level 8 spell: Infestation
 21226 | Lair:1   | Entered Level 1 of the Lair of Beasts
 21323 | Lair:1   | Identified the +0 robe "Daqimexis" {Str+7}
 21423 | Lair:1   | Acquired the +2 cloak of the Thief {*Fog Slay-2 SInv
                  | Stlth+}
 21423 | Lair:1   | Found the +2 cloak of the Thief {*Fog Slay-2 SInv Stlth+}
 21478 | Lair:1   | You fall into a shaft and drop 1 floor!
 21560 | Lair:2   | Reached skill level 19 in Necromancy
 21706 | Lair:2   | Identified the +10 quarterstaff of Gymmu {antimagic, rPois
                  | Str+5}
 22137 | Lair:2   | Found a hole to the Spider Nest.
 22634 | Lair:3   | Gained mutation: You have claws for hands. [demonic
                  | ancestry]
 22634 | Lair:3   | Reached XP level 15. HP: 110/110 MP: 31/31
 22850 | Lair:3   | Found a staircase to the Shoals.
 23425 | Lair:4   | Found a staircase to the Slime Pits.
 23682 | Lair:4   | Reached skill level 20 in Necromancy
 24526 | Lair:5   | Entered Level 5 of the Lair of Beasts
 24535 | Lair:5   | Noticed Josephine
 24540 | Lair:5   | Killed Josephine
 24894 | Lair:5   | Reached skill level 21 in Necromancy
 25118 | Lair:5   | Found a transporter.
 25131 | Lair:5   | Found a transporter.
 25135 | Lair:5   | Found a bloodstained altar of Trog.
 25198 | Lair:5   | Noticed Midpoint's ghost (journeyman FoAM)
 25746 | Lair:5   | Identified the +10 lajatang "Newtslayer" {protect, rF++
                  | Str+4}
 25934 | Shoals:1 | Entered Level 1 of the Shoals
 26062 | Shoals:1 | Reached skill level 22 in Necromancy
 26320 | D:8      | Bought a ring of flight for 245 gold pieces
 27159 | Shoals:2 | Noticed Ilsuiw
 27166 | Shoals:2 | Killed Ilsuiw
 27346 | Shoals:2 | Found a frozen archway.
 27352 | IceCv    | Entered an ice cave
 27427 | IceCv    | Gained mutation: You are mostly covered in slimy green
                  | scales. (AC +3) [demonic ancestry]
 27427 | IceCv    | Reached XP level 16. HP: 95/117 MP: 32/32
 27579 | IceCv    | Reached skill level 1 in Shields
 27589 | IceCv    | Noticed a lich
 27593 | IceCv    | Killed a lich
 27705 | IceCv    | Found an ancient bone altar of Kikubaaqudgha.
 27996 | Shoals:2 | Reached skill level 5 in Shields
 29016 | Shoals:3 | Acquired the amulet "Gulimaed" {Reflect rC+ Regen+ Str+3
                  | SH+5}
 29109 | Shoals:3 | Identified the +6 scale mail "Feofouz" {rPois SInv}
 29215 | Shoals:3 | Noticed Polyphemus
 29222 | Shoals:3 | Killed Polyphemus
 29715 | Shoals:3 | Found Omazisec's Jewellery Shop.
 30242 | Shoals:4 | Entered Level 4 of the Shoals
 30277 | Shoals:4 | Found a transporter.
 30280 | Shoals:4 | Found a transporter.
 30305 | Shoals:4 | Reached skill level 10 in Shields
 30345 | Shoals:4 | Found Zeapn's Assorted Antiques.
 30355 | Shoals:4 | Bought a scroll of fear for 80 gold pieces
 30520 | Shoals:4 | Found a transporter.
 30522 | Shoals:4 | Found a transporter.
 30586 | Shoals:4 | Gained mutation: You are completely covered in sharp
                  | spines. [demonic ancestry]
 30586 | Shoals:4 | Reached XP level 17. HP: 72/122 MP: 23/33
 30726 | Shoals:4 | Got a barnacled rune of Zot
 30868 | Shoals:4 | Found a transporter.
 30868 | Shoals:4 | Found a transporter.
 30944 | Shoals:4 | Identified the amulet "Migguukof" {Spirit Int+7}
 31146 | Shoals:4 | Found Guixitho's Antique Armour Shoppe.
 31892 | Spider:1 | Entered Level 1 of the Spider Nest
 32126 | Vaults:1 | Entered Level 1 of the Vaults
 32145 | Vaults:1 | Reached skill level 10 in Armour
 32615 | Vaults:1 | Reached skill level 10 in Fighting
 33092 | Vaults:1 | Noticed Droegar's ghost (adept MiBe)
 33093 | Vaults:1 | Found a transporter.
 33109 | Vaults:1 | Found a transporter.
 33655 | Vaults:1 | Gained mutation: You are completely covered in slimy green
                  | scales. (AC +4, rPois) [demonic ancestry]
 33655 | Vaults:1 | Reached XP level 18. HP: 142/142 MP: 9/34
 33904 | Vaults:2 | Noticed a bone dragon
 33915 | Vaults:2 | Killed a bone dragon
 33948 | Vaults:2 | Found a staircase to the Crypt.
 35569 | Vaults:3 | Reached skill level 15 in Fighting
 35620 | Vaults:3 | Reached skill level 23 in Necromancy
 35926 | Vaults:3 | Found Wij Ema's Distillery.
 36099 | Vaults:3 | Reached skill level 24 in Necromancy
 36603 | Vaults:3 | Gained mutation: You punish those that try to bend your
                  | will. (Will+) [demonic ancestry]
 36603 | Vaults:3 | Reached XP level 19. HP: 132/155 MP: 21/35
 36774 | Vaults:4 | Found a crumbling gateway.
 36786 | Desolati | Entered the Desolation of Salt
 36964 | Desolati | Identified the ring of the Kraken {rPois rF+}
 36993 | Desolati | Identified the ring "Inwuon" {rF+ AC+4 Str+5 Int-5}
 36996 | Desolati | Reached skill level 25 in Necromancy
 37025 | Desolati | Identified the +2 leather armour "Ycaril" {Slay+5}
 37031 | Desolati | Identified the amulet "Kyfilyt" {Faith rPois rN+++ MP+9}
 37081 | Desolati | Identified the +0 pearl dragon scales of Luargheni {rF+ rN+
                  | Will+}
 37125 | Desolati | Got Sif Muna's Octavo of Hot Transposition
 37127 | Desolati | Got Sif Muna's Theurgy in Simple Steps
 37189 | Desolati | Got the Folio of Atmospheric Calefaction
 37306 | Desolati | Reached skill level 26 in Necromancy
 37381 | Desolati | Got Sif Muna's Papyrus of Fetid Hypothermia
 37399 | Desolati | Identified the amulet of Hifonil {Spirit rElec Str+3 Dex+9
                  | Stlth+}
 37584 | Desolati | Identified the ring of Xom's Whimsicality {Fire rElec Str-3
                  | Slay+6 SInv}
 38658 | Vaults:4 | Reached skill level 27 in Necromancy
 38705 | Vaults:4 | Noticed a golden dragon
 38709 | Vaults:4 | Killed a golden dragon
 38927 | Vaults:4 | Gained mutation: Your demonic aura often causes spilled
                  | blood to erupt in flames. [demonic ancestry]
 38927 | Vaults:4 | Reached XP level 20. HP: 86/162 MP: 28/36
 39325 | Vaults:5 | Entered Level 5 of the Vaults
 39327 | Vaults:5 | Noticed Sojobo
 39387 | Vaults:5 | Paralysed by an air elemental for 1 turns
 39387 | Vaults:5 | Killed from afar by a titan

Illustrated notes

Levels and vault maps discovered:
D:1:      minmay_arrival_four_circles, layout_basic,
          hellmonk_ecumenical_altar_heavens_door
D:2:      layout_basic, basic_altar, uniq_jessica
D:3:      layout_basic
D:4:      nicolae_cairo_tiling_large, layout_cave_pools,
          grunt_temple_overflow_holy_war, minmay_temple_entry_enclosed_plants,
          cheibrodos_sewer_entry_sluice
D:5:      layout_loops_ring
D:6:      kennysheep_housing_project, layout_basic, uniq_prince_ribbit1,
          uniq_pikel
D:7:      minmay_evil_eye, layout_loops_cross, chequers_big_river,
          wad_rectangle_vault
D:8:      layout_basic, erik_lair_island, serial_shops, shop, shop, shop_coins,
          enter_ossuary_4, worms_lemuel, uniq_gastronok, uniq_joseph,
          uniq_erica, uniq_psyche
D:9:      hangedman_cross_cluster, layout_basic
D:10:     layout_small_grid, marbit_many_paths, uniq_sonja
D:11:     layout_rooms, orc_0_dummy, minmay_misc_feat_room,
          nicolae_yredelemnul_corpse_copse
D:12:     layout_roguey, serial_shops, shop
D:13:     due_megacathedral, layout_irregular_city, david_vaults_5, uniq_jorgrun
D:14:     layout_gridville, chequers_serial_rivers_micro_e, serial_shops, shop,
          nicolae_lakefront_shop, uniq_rupert
D:15:     grunt_enter_depths_hoard, layout_loops_ring,
          nicolae_qazlal_general_emergency, minivault_19,
          chequers_serial_rivers_small_b, uniq_kirke
Temple:   hellmonk_temple_of_storms
Lair:1:   layout_gridlike, grunt_megastairs_3
Lair:2:   layout_misc_corridors, spider_nest_entry_funnel_web,
          grunt_megastairs_5, infiniplex_staircase_pool_2
Lair:3:   layout_cave_pods, minmay_shoals_entry_beasts
Lair:4:   layout_cave_shapes, slime_entry_1, nicolae_quartered_pool_little
Lair:5:   minmay_lair_end_frog_pond, layout_regular_city,
          gammafunk_ghost_wrathful_warriors, uniq_josephine
Shoals:1: layout_shoals
Shoals:2: layout_shoals, portal_ice_cave_entry_pillars_three, uniq_ilsuiw
Shoals:3: layout_shoals, minmay_shop_enchanted_jewellery, uniq_polyphemus
Shoals:4: shoals_end_simple, layout_shoals, shoals_ilsuiw_ice, serial_shops,
          shop, nicolae_shop_waterfront, serial_nicolae_subway,
          nicolae_sub_station_crystal, nicolae_sub_station_metal,
          nicolae_sub_station_stone
Spider:1: layout_spider_delve, nicolae_spider_eight_legs
Orc:1:    layout_caves
Orc:2:    grunt_orc_community_town_hall, layout_diamond_mine,
          grunt_orc_community_big_house_1, grunt_orc_community_big_house_1,
          grunt_orc_community_house_1, grunt_orc_community_house_3,
          grunt_orc_community_house_2, grunt_orc_community_house_1,
          grunt_orc_community_house_1, mines2_david
Vaults:1: gammafunk_ghost_arena, vaults_room_grunt_arrival_checkpoint,
          vaults_room_guarded_vault, vaults_room_stairs_pillars,
          vaults_dpeg_hooks, v_alt_pattern_6, nicolae_vaults_what_the_h,
          hangedman_vaults_corner, v_alt_pattern_5, vaults_dpeg_diagonal,
          v_misc_4, vaults_room_pools, grunt_vaults_hallway_short,
          nicolae_vaults_little_squares_2, layout_vaults_big_cross
Vaults:2: v_misc_15, v_misc_17, vaults_dpeg_encased_lava,
          ontoclasm_vaults_ring_square, v_misc_8,
          nicolae_vaults_little_squares_2, ontoclasm_vaults_gallery,
          v_alt_pattern_6, layout_vaults_omnigrid,
          minmay_crypt_entry_nasty_monster
Vaults:3: v_misc_10, nicolae_vaults_back_hallway, hangedman_vaults_trim,
          vaults_standard_mumra_enter_the_diamond,
          nicolae_vaults_border_crossing, ontoclasm_vaults_twist,
          vaults_room_octagon, vaults_mumra_hex, nicolae_vaults_an_arrangement,
          nicolae_vaults_little_squares_1, vaults_dpeg_ring,
          layout_vaults_big_room, serial_shops, nicolae_shop_advertising_works
          [nicolae_subvault_shop_adworks]
Vaults:4: portal_desolation_entry_ruin, v_misc_33, grunt_vaults_swirl,
          nicolae_vaults_network_barrier, hangedman_vaults_variations,
          vaults_room_grid, v_misc_27, vaults_room_door_ring,
          vaults_standard_mumra_lines, ontoclasm_vaults_echo,
          nicolae_vaults_diagonal_hallway_8, nicolae_vaults_ring_of_whatevers,
          layout_vaults_omnibox
Vaults:5: serial_shops, uniq_sojobo

Skill      XL: |  1  2  3  4  5  6  7  8  9 10 11 12 13 14 15 16 17 18 19 20 |
---------------+-------------------------------------------------------------+-----
Necromancy     | 5 6 8 10 12 15 18 19 22 24 27 | 27.0
Dodging        | 2 3 4 |  4.0
Spellcasting   | 3 4 7 10 12 | 12.0
Stealth        | 3 4 |  4.0
Hexes          | 4 6 |  6.0
Earth Magic    | 5 6 |  6.0
Evocations     | 6 |  6.0
Fighting       | 1 8 12 15 | 15.0
Armour         | 6 7 10 | 10.0
Shields        | 10 12 | 12.1

Action                   |  1- 3 |  4- 6 |  7- 9 | 10-12 | 13-15 | 16-18 | 19-21 || total
-------------------------+-------+-------+-------+-------+-------+-------+-------++-------
Melee: Dagger            |    13 |    71 |   115 |    84 |       |       |       ||   283
       Punch             |       |       |       |     4 |     1 |       |       ||     5
       Rapier            |       |       |       |    26 |       |       |       ||    26
       Staff             |       |       |       |    43 |    58 |    65 |    14 ||   180
Throw: Dart              |       |       |     5 |       |       |       |       ||     5
       Javelin           |       |       |       |     1 |       |       |       ||     1
 Cast: Necrotise         |    54 |    73 |    48 |     8 |     7 |     1 |       ||   191
       Vampiric Draining |       |     2 |    78 |   127 |    30 |    12 |       ||   249
       Animate Dead      |       |       |     4 |     4 |    17 |    10 |     1 ||    36
       Sublimation of Bl |       |       |    11 |    58 |   148 |   128 |    79 ||   424
       Anguish           |       |       |     1 |    13 |    24 |     6 |     1 ||    45
       Dispel Undead     |       |       |       |    33 |    13 |    23 |       ||    69
       Borgnjor's Vile C |       |       |       |    64 |   242 |   216 |   103 ||   625
       Infestation       |       |       |       |       |    14 |    35 |    38 ||    87
       Death Channel     |       |       |       |       |    12 |    13 |     9 ||    34
Invok: Unearth Wretches  |       |       |       |       |     5 |     9 |     4 ||    18
       Torment           |       |       |       |       |     2 |       |       ||     2
       Receive Forbidden |       |       |       |       |     1 |       |       ||     1
Evoke: Wand              |       |       |     7 |     3 |       |       |       ||    10
  Use: Scroll            |       |     7 |     7 |    13 |     8 |     2 |     1 ||    38
       Potion            |       |       |       |     2 |     1 |     2 |     7 ||    12
 Stab: Sleeping          |       |     6 |     2 |    17 |     3 |       |     1 ||    29
       Paralysed         |       |       |       |       |       |     1 |       ||     1
       Distracted        |       |       |       |       |       |     2 |     1 ||     3
Armor: Robe              |     2 |       |       |       |    15 |       |       ||    17
       Ring mail         |     2 |    12 |    58 |    52 |    47 |    40 |       ||   211
       Steam dragon scal |       |       |       |    60 |    14 |       |       ||    74
       Scale mail        |       |       |       |       |       |    53 |    10 ||    63
       Pearl dragon scal |       |       |       |       |       |       |    16 ||    16
Dodge: Dodged            |     4 |    19 |   100 |   225 |   140 |    65 |    20 ||   573
Block: Buckler           |       |       |       |       |    14 |    41 |       ||    55
       Reflection        |       |       |       |       |       |    45 |    14 ||    59
       Kite shield       |       |       |       |       |       |   116 |    57 ||   173
